Map: Orbital Shipyard

Players

speaknow (ByuN) - Winner!

  • Race: Terran Terran
  • League: Platinum

kel

  • Race: Zerg Zerg

Event: Gauntlet LotV Series 1 Qualifier 1

VOD

Have the link to the VOD?

Description

Time

  • Played on: Nov. 22, 2015, 4:26 p.m.
  • Length: 3:11

All games in this series

Show
View Real Time Build Order
Export as new Build Order

speaknow Terran - Winner!

Build Orders:  

Get SALT Encoding   

  12  0:01  SCV  
  13  0:13  SCV  
  14  0:17  Supply Depot  
  14  0:25  SCV  
  15  0:39  SCV  
  15  0:40  Barracks  
  16  0:43  Refinery  
  16  0:51  SCV  
  17  0:59  Barracks  
  17  1:03  SCV  
  18  1:15  SCV  
  19  1:18  Barracks  
  19  1:27  SCV  
  19  1:28  Reaper  
  21  1:37  Refinery  
  21  1:41  Supply Depot  
  21  1:46  Reaper  
  22  1:49  SCV  
  23  2:02  Reaper  
  23  2:04  Orbital Command  
  24  2:11  Reaper  
  25  2:20  Supply Depot  
  25  2:21  Reaper  
  26  2:35  Reaper  
  27  2:38  SCV  
  29  2:50  SCV  
Show
View Real Time Build Order
Export as new Build Order

kel Zerg 

Build Orders: Hatch First 

Get SALT Encoding   

  12  0:03  Drone  
  13  0:15  Overlord  
  13  0:19  Drone  
  14  0:24  Extractor  
  14  0:25  Drone  
  15  0:36  Drone  
  15  0:39  Drone  
  17  0:55  Hatchery  
  16  0:58  Drone  
  16  1:03  Extractor  
  16  1:05  Drone  
  17  1:17  Spawning Pool  
  16  1:19  Drone  
  17  1:26  Drone  
  18  1:35  Drone  
  19  1:44  Overlord  
  19  2:03  Queen  
  19  2:05  Zergling x2  
  19  2:06  Drone  
  19  2:07  Queen  
  25  2:12  Zergling x2  
  25  2:15  Drone  
  27  2:20  Drone  
  28  2:28  Extractor  
  27  2:33  Drone  
  27  2:34  Drone  
  29  2:39  Drone  
  28  2:46  Drone  
  29  2:51  Drone x2  
Tags
 
Add a new tag
Caveats
  • Supply blocks, unpowered buildings, or Contaminate may cause inaccurate times.
  • Supply counts are checked every 10 seconds.